[Event "*** SCC Grand Prix: Titled Tuesday Blitz"]
[Site "Chess.com"]
[Date "2020.07.21"]
[Round "2"]
[White "MashaFromRussia"]
[Black "winniethepooh04"]
[Result "1-0"]
[WhiteElo "2412"]
[BlackElo "2140"]
[TimeControl "180+1"]
[EndTime "10:18:07 PDT"]
[Termination "MashaFromRussia won on time"]

1. d4 Nf6 2. c4 e6 3. g3 c5 4. d5 exd5 5. cxd5 d6 6. Nc3 g6 7.
Nf3 Bg7 8. Bg2 O-O 9. O-O a6 10. a4 Bg4 11. h3 Bxf3 12. Bxf3 Nbd7 13. e4 Ne5 14. Bg2 c4 15. Be3 Rc8 16. a5 Nd3 17. Qd2 Nd7 18. Ra4 N7c5 19. Rxc4 Ne5 20. Rb4 Qxa5 21.
Bxc5 Qxc5 22. Rxb7 Nc4 23. Qe2 Nxb2 24. Rxb2 Qxc3 25. Rb6 Bd4 26. Rxd6 Qxg3 27. Rxa6 Qg5 28. Qg4 Qd2 29. Rc6 Ra8 30. Qd1 Qb2 31. Qc2 Qb7 32. d6 Rac8 33. Rxc8 Rxc8 34. Qd3 Bb6 35.
e5 Qd7 36. Rb1 Ba7 37. Rb7 Qa4 38. Bd5 Qa1+ 39. Kg2 Qxe5 40. Rxf7 Qg5+ 41. Kf3 Rf8 42.
Rf5+ Kh8 43. Qd4+ Bxd4 44. Rxf8+ 1-0

[Event "*** SCC Grand Prix: Titled Tuesday Blitz"]
[Site "Chess.com"]
[Date "2020.07.21"]
[Round "2"]
[White "rugbyclub"]
[Black "ellatambien"]
[Result "1-0"]
[WhiteElo "2125"]
[BlackElo "2343"]
[TimeControl "180+1"]
[EndTime "10:18:08 PDT"]
[Termination "rugbyclub won on time"]

1. c4 Nf6 2. Nc3 e5 3. Nf3 Nc6 4. e3 Bb4 5. Qc2 Bxc3 6. Qxc3 Qe7 7. d4 Ne4 8. Qb3 exd4 9. Bd3 Nc5 10. Qa3 Nb4 11. Bb1 d3 12. Qxb4 d2+ 13. Qxd2 O-O 14. O-O b6 15. Qc2 f5 16. b4 Ne4 17. Bb2 Bb7 18.
a3 Rae8 19. Re1 Qf7 20. Ne5 Qe6 21. Ba2 d6 22. c5 d5 23. Rad1 c6 24. Nf3 bxc5 25.
bxc5 Qh6 26. Ba1 Re6 27. Nd4 Rg6 28. g3 Bc8 29. Nf3 Qh5 30. Nh4 Qxh4 31. Be5 Qh5 32. Bf4 Re6 33. Qb2 g5 34. Be5 f4 35. exf4 gxf4 36. Rxe4 Rfe8 37. Bh8 Qg6 38. Rxe6 Rxe6 39.
Bb1 Qf7 40. Bd3 f3 41. Bd4 Qe8 42. Qd2 Qe7 43. Qf4 Bd7 44. Qf5 1-0

[Event "*** SCC Grand Prix: Titled Tuesday Blitz"]
[Site "Chess.com"]
[Date "2020.07.21"]
[Round "2"]
[White "MIJUAREZ"]
[Black "BulletMercenary"]
[Result "0-1"]
[WhiteElo "2380"]
[BlackElo "2120"]
[TimeControl "180+1"]
[EndTime "10:18:08 PDT"]
[Termination "BulletMercenary won on time"]

1. e4 e6 2. d4 d5 3. e5 c5 4. c3 Nc6 5. Nf3 Qc7 6. a3 c4 7. b3 cxb3 8. Qxb3 Bd7 9. Bd3 Na5 10. Qc2 f5 11. exf6 Nxf6 12. Bg5 Be7 13. Bxf6 Bxf6 14.
Bxh7 O-O-O 15. Bg6 Bb5 16. a4 Bc4 17. Na3 e5 18.
Nxc4 Nxc4 19. Bf5+ Kb8 20. dxe5 Nxe5 21. Nd4 Rde8 22.
O-O Rxh2 23. Nb5 Reh8 24. f4 Qc5+ 25. Nd4 Nf3+ 26. Kf2 Nxd4 27. cxd4 Bxd4+ 28. Kf3 Qxc2 29. Bxc2 Bxa1 30. Rxa1 R2h6 31. Rd1 Rd6 32. Bd3 d4 33. Be4 Rc8 34. g4 Rc3+ 35. Kf2 Re3 36. Bf5 Ra3 37.
g5 Rxa4 38. Be4 d3 39. Ke3 d2 40.
Bf5 a5 41. Bc2 Ra2 42. Bf5 a4 43. Be4 Rb2 44. f5 a3 45. f6 gxf6 46. g6 Rd7 47. Bf5 Re7+ 48. Kf4 a2 49. g7 Rxg7 50. Be6 Rg2 0-1

[Event "*** SCC Grand Prix: Titled Tuesday Blitz"]
[Site "Chess.com"]
[Date "2020.07.21"]
[Round "2"]
[White "Rish_97"]
[Black "aa175"]
[Result "0-1"]
[WhiteElo "2701"]
[BlackElo "2493"]
[TimeControl "180+1"]
[EndTime "10:18:10 PDT"]
[Termination "aa175 won on time"]

1. e4 c5 2. Nf3 d6 3. d4 cxd4 4. Nxd4 Nf6 5. Nc3 a6 6. h3 e6 7. g4 Be7 8. g5 Nfd7 9. Be3 b5 10.
a3 Bb7 11. h4 Qc7 12. h5 Nc6 13. Nxc6 Bxc6 14. Qd4 Ne5 15. O-O-O O-O 16. h6 Rfb8 17.
f4 a5 18. fxe5 dxe5 19. Qd3 b4 20. Nb1 bxa3 21. Nxa3 Qb7 22. Qb3 Qxb3 23. cxb3 Bxe4 24. Rh2 Rxb3 25. Nc4 Rc8 26. Bg1 Bxg5+ 27. Rdd2 Bxd2+ 28. Rxd2 Bd5 29. Rc2 Rb4 30. b3 Rxb3 31. Nxa5 Rxc2+ 32.
Kxc2 Rg3 33. Bc5 Rf3 34. Be2 Rf4 35. Kd1 gxh6 36. Be7 Bf3 37. Bxf3 Rxf3 38. Nc4 e4 39. Ne5 Rb3 40. Ng4 f5 41. Nxh6+ Kg7 42. Bg5 Rd3+ 43. Ke2 Kg6 44. Bf4 e5 0-1

[Event "*** SCC Grand Prix: Titled Tuesday Blitz"]
[Site "Chess.com"]
[Date "2020.07.21"]
[Round "2"]
[White "olksuna"]
[Black "Dauletova"]
[Result "1-0"]
[WhiteElo "2628"]
[BlackElo "2314"]
[TimeControl "180+1"]
[EndTime "10:18:10 PDT"]
[Termination "olksuna won on time"]

1. e4 e5 2. Nf3 Nc6 3. Bc4 Bc5 4.
O-O Nf6 5. d3 d6 6. c3 Bb6 7.
Nbd2 O-O 8. Bb3 Re8 9. Nc4 Be6 10. Nxb6 axb6 11. Bc2 b5 12. Ng5 d5 13. Nxe6 fxe6 14.
Bg5 Rf8 15. Re1 Qd6 16. Qe2 Rf7 17. Bh4 Raf8 18. Bg3 d4 19. Bb3 b4 20. cxb4 Nxb4 21. a3 Na6 22. Rac1 c5 23. Qc2 Nh5 24. Rf1 b6 25.
Ba2 Nb8 26. Qc4 Rf6 27. b4 Nd7 28. Rc2 Nf4 29. Re1 g5 30. Qb3 h5 31. Qb1 h4 32.
Bxf4 exf4 33. bxc5 bxc5 34. Qd1 Ne5 35. Bc4 f3 36. g3 hxg3 37. hxg3 Rh6 38. Qd2 Qe7 39. Bxe6+ Qxe6 40. Qxg5+ Rg6 41. Qh4 Kg7 42. Rxc5 Rh8 43.
Rc7+ Nf7 44. Qf4 1-0

[Event "*** SCC Grand Prix: Titled Tuesday Blitz"]
[Site "Chess.com"]
[Date "2020.07.21"]
[Round "2"]
[White "Gusarov91"]
[Black "JuliaEfremova"]
[Result "1-0"]
[WhiteElo "2631"]
[BlackElo "2324"]
[TimeControl "180+1"]
[EndTime "10:18:11 PDT"]
[Termination "Gusarov91 won by resignation"]

1. d4 e5 2. dxe5 Nc6 3. Nf3 Qe7 4. Qd5 f6 5. exf6 Nxf6 6. Qb3 Qb4+ 7. Qxb4 Nxb4 8.
Na3 d5 9. c3 Na6 10. Nb5 c6 11. Nbd4 Bd6 12. Bg5 O-O 13. e3 Nc7 14. Bh4 Bg4 15.
h3 Bh5 16. Nf5 Bc5 17. g4 Bg6 18. N3d4 Rae8 19. O-O-O Ne6 20. Bg2 Nxd4 21. Nxd4 Ne4 22. Bxe4 Bxe4 23. Rhg1 g5 24. Bg3 h6 25. Kd2 Rf7 26. f4 gxf4 27. Bxf4 Kh7 28. Rdf1 Bxd4 29. cxd4 Bg6 30. h4 Be4 31. b4 Rg8 32. Rf2 Rgf8 33. g5 h5 34. Rc1 a6 35. a4 Kg6 36. Rff1 Ra8 37. Bd6 Bf5 38. Rf4 Rd8 39. Be5 Rc8 40.
Rcf1 Rcf8 41. Bf6 Be4 42. Kc3 Rc8 43. Kb3 b5 44. Rc1 Bd3 45. Kc3 Bc4 46. axb5 cxb5 47. Kd2 Re8 48. Ra1 Ra8 49. Ke1 Rfa7 50. Be5 Rf7 51.
Rf6+ Rxf6 52. gxf6 Kf7 53. Kf2 Bd3 54. Rc1 Bc4 55. Kf3 Rg8 56. Ra1 Ra8 57. Kf4 Kg6 58.
Rg1+ Kh6 59. f7 Rf8 60. Bg7+ 1-0

[Event "*** SCC Grand Prix: Titled Tuesday Blitz"]
[Site "Chess.com"]
[Date "2020.07.21"]
[Round "2"]
[White "FairChess_on_YouTube"]
[Black "Vesper2018"]
[Result "1/2-1/2"]
[WhiteElo "2990"]
[BlackElo "2602"]
[TimeControl "180+1"]
[EndTime "10:18:12 PDT"]
[Termination "Game drawn by repetition"]

1. e4 c5 2. Nc3 d6 3. Nge2 Nf6 4. h3 Nc6 5. g4 d5 6. exd5 Nxd5 7. Bg2 Nxc3 8. dxc3 e6 9. Qxd8+ Nxd8 10. Be3 Bd7 11. O-O-O Bc6 12. f3 Be7 13. Nf4 b6 14. Nd3 f6 15.
Nf4 Kf7 16. Rhe1 g5 17. Nh5 Nb7 18. Bf1 Nd6 19. f4 h6 20. Bd3 Rad8 21. Rf1 Ne4 22. Bxe4 Rxd1+ 23. Kxd1 Bxe4 24. fxg5 hxg5 25. Bxg5 Bg2 26.
Rf2 Bxh3 27. Kc1 Bxg4 28. Nxf6 Bf5 29. Ne4 Bxg5+ 30. Nxg5+ Kg6 31. Nf3 Kf6 32. b3 e5 33.
Nd2 Ke6 34. Nc4 e4 35. Ne3 Bg6 36. Rg2 Bf5 37. c4 Rh3 38. Kd2 Ke5 39. Rg5 Rh2+ 40.
Ke1 Kf4 41. Rg2 Rxg2 42. Nxg2+ Kg3 43. Ne3 Bg6 44. Ke2 Bh5+ 45. Kd2 Kf3 46. a3 Bf7 47. Nf5 Be6 48. Ne3 Bd7 49. Nd5 Be6 50. Ne3 a6 51. Nd1 Bd7 52. Ne3 Be6 53. Nf1 Bd7 54. Ne3 Be6 1/2-1/2

[Event "*** SCC Grand Prix: Titled Tuesday Blitz"]
[Site "Chess.com"]
[Date "2020.07.21"]
[Round "2"]
[White "Isajevsky_Anton"]
[Black "VerdeNotte"]
[Result "1/2-1/2"]
[WhiteElo "2560"]
[BlackElo "2827"]
[TimeControl "180+1"]
[EndTime "10:18:13 PDT"]
[Termination "Game drawn by repetition"]

1. c4 g6 2. Nc3 Bg7 3. g3 c5 4. Bg2 Nc6 5. Nf3 d6 6. O-O e6 7. Rb1 Nge7 8. a3 b6 9. b4 Bb7 10. Bb2 O-O 11. Qb3 Qd7 12. d3 Nd4 13. Nxd4 Bxg2 14.
Nxe6 Bxf1 15. Nxf8 Rxf8 16. Rxf1 h5 17. Ne4 Qe6 18.
Bxg7 Kxg7 19. Qb2+ f6 20. h4 Nf5 21. e3 d5 22.
cxd5 Qxd5 23. Qc2 Rd8 24. bxc5 Qxd3 25. Qxd3 Rxd3 26. cxb6 axb6 27. Rb1 Nxe3 28. fxe3 Rxe3 29. Rb4 f5 30. Ng5 Rxg3+ 31. Kf2 Rxa3 32. Rxb6 Ra4 33. Kg3 Rg4+ 34. Kh3 Ra4 35. Re6 Ra3+ 36. Kg2 Ra4 37.
Kg3 Rg4+ 38. Kh3 Rb4 39. Re3 Kf6 40. Re6+ Kg7 41. Kg3 Rg4+ 42. Kh3 Rc4 43. Rd6 Rc3+ 44. Kg2 Rc4 45. Nf3 Rg4+ 46. Kf2 Rf4 47. Rd4 Rxd4 48. Nxd4 Kf6 49. Nf3 f4 50. Ng5 Kf5 51. Kf3 Ke5 52.
Ne4 Kf5 53. Nd6+ Ke5 54. Nf7+ Kf5 55. Ng5 Ke5 56. Ne4 Kf5 57. Ng5 1/2-1/2

[Event "*** SCC Grand Prix: Titled Tuesday Blitz"]
[Site "Chess.com"]
[Date "2020.07.21"]
[Round "2"]
[White "pooh2012"]
[Black "FMOlexandrProhorov"]
[Result "1-0"]
[WhiteElo "2409"]
[BlackElo "2135"]
[TimeControl "180+1"]
[EndTime "10:18:14 PDT"]
[Termination "pooh2012 won by resignation"]

1. d4 Nf6 2. Nc3 d6 3. f3 e5 4.
dxe5 dxe5 5. Qxd8+ Kxd8 6. Bg5 Be7 7. O-O-O+ Nbd7 8. e4 c6 9. Bc4 Rf8 10. a4 Kc7 11. Nge2 Nc5 12. Bh4 Be6 13. Bxe6 Nxe6 14.
Bg3 Nc5 15. Bxe5+ Kc8 16. h4 Nfd7 17. Bd4 f6 18. h5 Ne5 19. h6 g6 20. Nf4 Re8 21.
Kb1 Bf8 22. Nfe2 Kc7 23. b3 a5 24. Be3 Rad8 25. Kb2 Ne6 26. Nf4 Bb4 27. Nxe6+ Rxe6 28. Rxd8 Kxd8 29. Rd1+ Kc7 30. Ne2 Bf8 31. Nf4 Rd6 32.
Rxd6 Bxd6 33. Nd3 Nf7 34. g4 Bf8 35. f4 Nxh6 36. g5 Ng4 37. Bd4 fxg5 38. fxg5 Be7 39.
Ne5 Nh2 40. Nc4 Bxg5 41. Be5+ Kd7 42. Bxh2 Bd8 43. Nd6 b6 44. e5 Ke6 45. Kc3 g5 46.
Kd4 h5 47. Ke4 g4 48. Kf4 Bh4 49. Ne4 Be1 50. Bg3 Kd5 51. Bxe1 Kd4 52. Bf2+ Kd5 53. c4+ Ke6 54. Bxb6 Ke7 55. Bxa5 Ke6 56. Be1 Ke7 57.
Bh4+ Ke6 58. Ng5+ Ke7 59. e6 Kd6 60. Kf5 Ke7 61. Ke5 Kd8 62. Kd6 1-0

[Event "*** SCC Grand Prix: Titled Tuesday Blitz"]
[Site "Chess.com"]
[Date "2020.07.21"]
[Round "2"]
[White "Azatic"]
[Black "viniciusrego"]
[Result "1-0"]
[WhiteElo "2554"]
[BlackElo "2278"]
[TimeControl "180+1"]
[EndTime "10:18:16 PDT"]
[Termination "Azatic won by resignation"]

1. e4 c5 2. Nf3 d6 3. d4 cxd4 4. Nxd4 Nf6 5. Nc3 g6 6. Be3 Bg7 7. f3 O-O 8. Qd2 Nc6 9. Bc4 Ne5 10. Bb3 Bd7 11. O-O-O Qa5 12. Kb1 Rfc8 13. h4 b5 14.
h5 Nxh5 15. g4 Nf6 16. Bh6 Bxh6 17. Qxh6 Rxc3 18. bxc3 Qxc3 19. Ne2 Qxf3 20. Rdf1 Nexg4 21. Rxf3 Nxh6 22. Rxh6 Bg4 23. Rf2 Kg7 24. Rh1 h5 25. Nc3 b4 26. Nd5 Nxe4 27. Rxf7+ Kxf7 28. Nc7+ Kg7 29. Nxa8 Nd2+ 30. Kc1 Nxb3+ 31. axb3 Bf3 32. Re1 Bxa8 33.
Rxe7+ Kf6 34. Rxa7 Be4 35. Kd2 h4 36. Ke3 Bxc2 37.
Rb7 h3 38. Rxb4 g5 39. Kf2 Kf5 40. Kg3 d5 41. Kxh3 Bd1 42. Kg3 Ke5 43. Rb8 d4 44. b4 d3 45. Rd8 Ke4 46. b5 Ba4 47. b6 Bc6 48. Rd6 Bb7 49. Kf2 g4 50. Rd7 g3+ 51.
Kxg3 Ba6 52. Kf2 Ke5 53. b7 Bxb7 54. Rxb7 1-0

[Event "*** SCC Grand Prix: Titled Tuesday Blitz"]
[Site "Chess.com"]
[Date "2020.07.21"]
[Round "2"]
[White "KaspMagAlpha"]
[Black "RaphCamora"]
[Result "0-1"]
[WhiteElo "2222"]
[BlackElo "2444"]
[TimeControl "180+1"]
[EndTime "10:18:16 PDT"]
[Termination "RaphCamora won by checkmate"]

1. d4 d5 2. c4 e6 3. Nf3 Nf6 4. g3 dxc4 5. Bg2 Bb4+ 6. Bd2 a5 7. O-O O-O 8. Bg5 h6 9. Bxf6 Qxf6 10. Ne5 Rd8 11. e3 c5 12. a3 cxd4 13. axb4 Qxe5 14. exd4 Rxd4 15. Qc2 Nc6 16. bxa5 Rxa5 17. Rxa5 Qxa5 18. Na3 Ne5 19. Rd1 Qc5 20. Re1 Nd3 21. Re3 b5 22.
Nb1 Nb4 23. Qe2 Qd6 24. Nc3 Bd7 25. Qh5 Rd2 26. Re2 Rxe2 27. Qxe2 Nd3 28. Bf3 b4 29. Ne4 Qd4 30. Nd2 Nxb2 31. Ne4 c3 32. Qa6 c2 33.
Qa8+ Kh7 34. Nf6+ gxf6 35. Be4+ Kg7 36. Bxc2 Nc4 37. Qf3 Ne5 38. Qe2 Bc6 39. Kf1 Qa1+ 40. Qd1 Qxd1+ 41. Bxd1 Bd5 42. Ke1 b3 43. Kd2 Nc4+ 44.
Kc3 b2 45. Bb3 b1=Q 46. Bc2 Qc1 47. Kd3 Qd2# 0-1

[Event "*** SCC Grand Prix: Titled Tuesday Blitz"]
[Site "Chess.com"]
[Date "2020.07.21"]
[Round "2"]
[White "ChessAurochs"]
[Black "Grandelicious"]
[Result "0-1"]
[WhiteElo "2509"]
[BlackElo "2780"]
[TimeControl "180+1"]
[EndTime "10:18:17 PDT"]
[Termination "Grandelicious won on time"]

1. e4 c5 2. Nf3 d6 3. d4 cxd4 4. Nxd4 Nf6 5. Nc3 Nc6 6. Bg5 e6 7. Qd2 a6 8. O-O-O Bd7 9. f3 Nxd4 10. Qxd4 Be7 11. h4 Qc7 12. Kb1 Rc8 13. h5 h6 14. Be3 b5 15. Qd2 b4 16. Ne2 e5 17. g3 a5 18. g4 Be6 19. Ng3 d5 20. Bb5+ Kf8 21. g5 hxg5 22. Bxg5 d4 23. h6 g6 24. f4 exf4 25. Bxf4 Qc5 26. Ba4 Ng4 27. e5 Nxe5 28. Ne4 Qd5 29. Bb3 Qxe4 30. Bxe6 Nf3 31. Qd3 Qxd3 32. Rxd3 fxe6 33. Rxf3 Kg8 34. Be5 Rh7 35. Bxd4 Rf8 36. Rg3 Rxh6 37. Rhg1 Kh7 38.
b3 Rf4 39. Be5 Rf5 40. Bd4 g5 41. Re3 Kg8 42. Rge1 Kf7 43. Re5 Rxe5 44. Rxe5 Bf6 45. Re4 Rh4 46. Rxh4 gxh4 47. Bb6 h3 48. Bg1 Be5 49.
c4 bxc3 50. Kc2 Ke7 51. Kd3 Kd6 52. Ke4 c2 53. Kd3 c1=Q 0-1

[Event "*** SCC Grand Prix: Titled Tuesday Blitz"]
[Site "Chess.com"]
[Date "2020.07.21"]
[Round "2"]
[White "ama18"]
[Black "baki83"]
[Result "0-1"]
[WhiteElo "2486"]
[BlackElo "2736"]
[TimeControl "180+1"]
[EndTime "10:18:18 PDT"]
[Termination "baki83 won by resignation"]

1. e4 c5 2. Nf3 d6 3. d4 cxd4 4.
Nxd4 Nf6 5. Nc3 a6 6. h3 b5 7. Nd5 Bb7 8. Nxf6+ gxf6 9. Bd3 Nd7 10. a4 b4 11. Qe2 e6 12. Bd2 Qb6 13. Nb3 Rg8 14.
Rg1 a5 15. Bb5 Rc8 16. Be3 Qc7 17. Bd3 Ne5 18. Nd4 Nxd3+ 19. cxd3 Ba6 20. Kd2 Qd7 21. g4 d5 22. exd5 Qxd5 23. Rgc1 Rd8 24. Rc6 Bb7 25. Rc4 b3 26. Rac1 Bb4+ 27. Rxb4 axb4 28. Nb5 Kf8 29. Bh6+ Ke7 30. Rc7+ Rd7 31. Qe3 Rxc7 32. Nxc7 Qc6 33. Nb5 Rd8 34. g5 Qc2+ 35. Ke1 Rxd3 36.
gxf6+ Kd7 37. Qc1 Qxc1+ 38. Bxc1 Bf3 39. Bd2 Kc6 40. h4 h5 41. Na7+ Kb7 42. Nb5 Kb6 43.
Be3+ Kc6 44. Bd2 Kb7 45. a5 e5 46. a6+ Kxa6 47. Nc7+ Kb7 48. Ne8 e4 49. Ng7 Kc6 50.
Nf5 Kd7 51. Ne3 Rd6 0-1

[Event "*** SCC Grand Prix: Titled Tuesday Blitz"]
[Site "Chess.com"]
[Date "2020.07.21"]
[Round "2"]
[White "Manukyan_Artak"]
[Black "natelleka"]
[Result "0-1"]
[WhiteElo "2388"]
[BlackElo "2136"]
[TimeControl "180+1"]
[EndTime "10:18:18 PDT"]
[Termination "natelleka won by resignation"]

1. e4 e5 2. Nf3 Nf6 3. Nxe5 Nxe4 4. Qe2 Qe7 5. Qxe4 d6 6. d4 dxe5 7. Qxe5 Qxe5+ 8. dxe5 Bf5 9. Bf4 Bxc2 10. Nc3 Bb4 11.
Kd2 Bf5 12. a3 Ba5 13. b4 Bb6 14. Nd5 Nc6 15. Nxb6 axb6 16. Kc3 O-O 17. Bb5 Rfd8 18. a4 Nxb4 19. Bg5 Nd5+ 20. Kb2 Rdc8 21. Rhd1 c6 22. Be2 h6 23. Bd2 Be6 24. f4 Rd8 25. Bf3 Ne7 26. Bb4 c5 27. Bc3 Bd5 28. Bg4 Bxg2 29.
Rg1 Be4 30. e6 f6 31. Bh5 Kf8 32. Bf7 Nd5 33. Bd2 Bf5 34. Rad1 Nc7 35. Be3 Nxe6 36. Bxe6 Bxe6 37. Rxd8+ Rxd8 38. a5 bxa5 39. Bxc5+ Kf7 40. Kc3 b5 41. Bb6 b4+ 42. Kb2 Ra8 43. Bc5 Ra6 44.
Rd1 Rc6 45. Bd6 g5 46. Rd4 g4 47. f5 Bxf5 48. Bf4 Be6 49. Bxh6 Rc4 50. Bd2 Rxd4 0-1

[Event "*** SCC Grand Prix: Titled Tuesday Blitz"]
[Site "Chess.com"]
[Date "2020.07.21"]
[Round "2"]
[White "MidnightFox"]
[Black "Gandrade2"]
[Result "1-0"]
[WhiteElo "2387"]
[BlackElo "2086"]
[TimeControl "180+1"]
[EndTime "10:18:18 PDT"]
[Termination "MidnightFox won on time"]

1. e4 c5 2. Nf3 g6 3. d4 cxd4 4. Qxd4 Nf6 5. Nc3 Nc6 6. Qa4 d6 7. e5 dxe5 8. Nxe5 Bd7 9. Nxd7 Nxd7 10. Bb5 Bg7 11. Bd2 O-O 12. Bxc6 bxc6 13. Qxc6 Rc8 14. Qe4 Nc5 15. Qe2 Qb6 16. Rb1 Ne6 17. O-O Nd4 18.
Qe4 Rfd8 19. Be3 Qb4 20. Rfe1 Rxc3 21. Bxd4 Rxd4 22. Qa8+ Bf8 23. bxc3 Qxc3 24. Rf1 e5 25. Rb8 Qc5 26. g3 Kg7 27. Rc8 Qa3 28. c3 Rd2 29. c4 Bc5 30. Rg8+ Kf6 31. Qe4 Rd4 32. Qe3 Rd1 33. Qxa3 Rxf1+ 34. Kxf1 Bxa3 35. Rc8 Ke6 36. Rc7 a5 37. Ke2 h5 38. Kd3 f5 39. Rc6+ Kf7 40.
c5 g5 41. Kc4 f4 42. Kd5 e4 43. Kxe4 fxg3 44. fxg3 h4 45. g4 Bc1 46. Kf5 Bf4 47.
h3 Ke7 48. Ra6 Bd2 49. Ra7+ Kd8 50. c6 Kc8 51. Ke6 Be3 52. Rxa5 Kc7 53. Kd5 Bd2 54. Rb5 1-0

[Event "*** SCC Grand Prix: Titled Tuesday Blitz"]
[Site "Chess.com"]
[Date "2020.07.21"]
[Round "2"]
[White "Oleksandr_Bortnyk"]
[Black "tsvet2005"]
[Result "1-0"]
[WhiteElo "2945"]
[BlackElo "2588"]
[TimeControl "180+1"]
[EndTime "10:18:19 PDT"]
[Termination "Oleksandr_Bortnyk won by resignation"]

1. e4 c5 2. c3 d5 3. exd5 Qxd5 4.
d4 Nf6 5. Nf3 Bg4 6. Be2 e6 7. Be3 cxd4 8. cxd4 Nc6 9. Nc3 Qd6 10.
h3 Bh5 11. O-O Be7 12. a3 O-O 13. Qb3 a6 14. Rfd1 Rfd8 15. Rac1 b5 16. Qa2 Rac8 17. b4 Nd5 18. Ne4 Qb8 19. Qb3 a5 20. bxa5 Nxa5 21. Qxb5 Qxb5 22. Bxb5 Bxa3 23. Ra1 Bb4 24. Rdb1 Nc4 25.
Ba6 Rc7 26. Bxc4 Rxc4 27. Ne5 Rcc8 28. Ra7 f6 29. Nd3 Bg6 30. Nxb4 Bxe4 31. Nxd5 Bxb1 32. Ne7+ Kf8 33. Nxc8 Rxc8 34. Bd2 Be4 35. Bb4+ Kg8 36. Bc5 Bd5 37. h4 Ra8 38. Rd7 h5 39. f3 Ra1+ 40. Kf2 Ra2+ 41. Kg3 Ra8 42. Kf4 Re8 43. g4 hxg4 44.
fxg4 Ra8 45. g5 Ra1 46. g6 Ra8 47. h5 Bc6 48. Rc7 Bd5 49. Be7 Re8 50. h6 gxh6 51.
Bxf6 Ra8 52. Rh7 1-0

[Event "*** SCC Grand Prix: Titled Tuesday Blitz"]
[Site "Chess.com"]
[Date "2020.07.21"]
[Round "2"]
[White "Zmof"]
[Black "vpsetter"]
[Result "1/2-1/2"]
[WhiteElo "2174"]
[BlackElo "2604"]
[TimeControl "180+1"]
[EndTime "10:18:19 PDT"]
[Termination "Game drawn by repetition"]

1. e4 c5 2. Nf3 Nc6 3. Bb5 g6 4.
Bxc6 dxc6 5. d3 Bg7 6. h3 e5 7. O-O Ne7 8. Nc3 h6 9. Be3 b6 10. Qd2 g5 11. Nh2 Be6 12. Ne2 Ng6 13. Ng3 Qd7 14. Nh5 Rg8 15. f3 Nf4 16. Bxf4 exf4 17.
Nxg7+ Rxg7 18. Ng4 Bxg4 19. hxg4 O-O-O 20. Qc3 Rh7 21. Kf2 h5 22. gxh5 Rxh5 23. Rh1 Rxh1 24. Rxh1 f5 25. Rh8 fxe4 26. Rxd8+ Qxd8 27. fxe4 g4 28. Qe5 Qh4+ 29. Ke2 Qg3 30. Qe6+ Kb7 31. Qf7+ Ka6 32. Qc4+ b5 33. Qxc5 Qxg2+ 34. Kd1 Qf1+ 35.
Kd2 Qg2+ 36. Kc3 Kb7 37. Qe7+ Kb6 38. Qd8+ Kb7 39. Qd7+ Kb6 40. Qd8+ Kb7 41. Qd7+ Kb6 42. Qd8+ 1/2-1/2

[Event "*** SCC Grand Prix: Titled Tuesday Blitz"]
[Site "Chess.com"]
[Date "2020.07.21"]
[Round "2"]
[White "Grischuk"]
[Black "chesstrainer2042"]
[Result "1-0"]
[WhiteElo "3038"]
[BlackElo "2460"]
[TimeControl "180+1"]
[EndTime "10:18:19 PDT"]
[Termination "Grischuk won on time"]

1. e4 e5 2. Nf3 Nc6 3. Bb5 a6 4. Ba4 Nf6 5. O-O Be7 6. Re1 b5 7.
Bb3 O-O 8. d3 d6 9. Bd2 Bg4 10.
c3 Na5 11. Bc2 c5 12. h3 Bh5 13. Bc1 Nc6 14. Nbd2 d5 15. Qe2 d4 16. Nf1 dxc3 17. bxc3 b4 18. g4 Bg6 19. Bd2 Rc8 20. Bb3 h6 21. Ne3 Nh7 22. Nd5 Bg5 23. Nxg5 Nxg5 24. Kh2 bxc3 25. Bxc3 Ne6 26. Qe3 Ncd4 27. Bxd4 cxd4 28.
Qg3 Qd6 29. Rf1 Nc5 30. Rfc1 Kh7 31. Bc4 f6 32. Rab1 Rb8 33. Kg2 Rxb1 34. Rxb1 Rb8 35.
Rxb8 Qxb8 36. h4 Qb7 37. Qf3 a5 38. g5 fxg5 39. hxg5 Qd7 40. gxh6 Ne6 41. hxg7 Kxg7 42. Qf6+ 1-0

[Event "*** SCC Grand Prix: Titled Tuesday Blitz"]
[Site "Chess.com"]
[Date "2020.07.21"]
[Round "2"]
[White "Micki-taryan"]
[Black "Munkhzul_Turmunkh"]
[Result "1-0"]
[WhiteElo "3040"]
[BlackElo "2599"]
[TimeControl "180+1"]
[EndTime "10:18:20 PDT"]
[Termination "Micki-taryan won by resignation"]

1. Nf3 Nf6 2. e3 d5 3. b3 Bg4 4. Bb2 e6 5. h3 Bh5 6. c4 c6 7. Nc3 Bd6 8. Be2 O-O 9. g4 Bg6 10. h4 Nxg4 11. h5 Bf5 12. Nd4 Nh6 13. Nxf5 Nxf5 14.
Qc2 d4 15. Ne4 c5 16. O-O-O Nc6 17. a3 a5 18. Rdg1 h6 19. Bd3 Ne5 20. Nxd6 Nxd3+ 21. Qxd3 Qxd6 22. Rg4 f6 23. Rhg1 Rf7 24. Qe4 a4 25. exd4 cxd4 26. b4 Rc8 27. d3 Kh8 28. Kb1 b5 29. c5 Qd7 30. Rg6 Ne7 31. R6g2 e5 32.
f4 Qd5 33. Qxd5 Nxd5 34. fxe5 fxe5 35. Re2 Re7 36. Rge1 Rce8 37. Kc2 Ne3+ 38. Kd2 Rf7 39. Rxe3 dxe3+ 40. Kxe3 Rf5 41. Ke4 Rxh5 42. c6 Rh4+ 43.
Kd5 Rd8+ 44. Kc5 Rxd3 45. Kxb5 Rd5+ 46. Kb6 Rc4 47. Rxe5 Rd6 48. Rc5 Rxc5 49. bxc5 Re6 50. Kb7 h5 51. c7 Re7 52. c6 h4 53. Kb8 Rxc7 54. Kxc7 h3 55. Be5 Kh7 56. Kd7 g5 57. c7 1-0

[Event "*** SCC Grand Prix: Titled Tuesday Blitz"]
[Site "Chess.com"]
[Date "2020.07.21"]
[Round "2"]
[White "pastouche06"]
[Black "Schack-Hugo"]
[Result "1-0"]
[WhiteElo "2528"]
[BlackElo "2161"]
[TimeControl "180+1"]
[EndTime "10:18:20 PDT"]
[Termination "pastouche06 won by checkmate"]

1. d4 c6 2. c4 d5 3. Nf3 Nf6 4. Qc2 e6 5. g3 Nbd7 6. Bg2 Bd6 7. O-O O-O 8. Nbd2 Re8 9. Rd1 e5 10. dxe5 Nxe5 11. cxd5 cxd5 12. Nxe5 Bxe5 13. Nf3 Bd6 14. Bg5 Be6 15. Nd4 Rc8 16. Qb3 b6 17. e3 h6 18.
Bxf6 Qxf6 19. Bxd5 Bxd5 20. Qxd5 Be5 21. Rd2 Red8 22.
Qe4 Rc4 23. Rad1 Rdc8 24. b3 Rc1 25. Nf3 Rxd1+ 26. Rxd1 Bd6 27. Kg2 Bf8 28. Rd2 a5 29. Qe5 Qc6 30. Qd5 Qf6 31. Nd4 Rd8 32. Qf3 Qxf3+ 33.
Kxf3 Bc5 34. Ke4 g6 35. Nf3 Re8+ 36. Kd3 Rd8+ 37. Ke2 Re8 38. Nd4 Kg7 39. Nb5 Re5 40.
Nc7 Re7 41. Nd5 Rd7 42. e4 Rb7 43. Kd3 g5 44. Kc4 Rb8 45. Kb5 Rc8 46. f4 gxf4 47. gxf4 Rb8 48. e5 Rd8 49. Rg2+ Kf8 50. Nf6 Rd2 51. Rxd2 Be7 52. Rg2 Bxf6 53. exf6 Ke8 54. Rd2 h5 55. h4 a4 56. bxa4 Kf8 57. Rd8# 1-0

[Event "*** SCC Grand Prix: Titled Tuesday Blitz"]
[Site "Chess.com"]
[Date "2020.07.21"]
[Round "2"]
[White "HanSchut"]
[Black "doons21"]
[Result "0-1"]
[WhiteElo "2311"]
[BlackElo "2642"]
[TimeControl "180+1"]
[EndTime "10:18:20 PDT"]
[Termination "doons21 won by resignation"]

1. e4 c5 2. Nf3 d6 3. d4 cxd4 4. Nxd4 Nf6 5. f3 e5 6. Bb5+ Nbd7 7. Nf5 Qc7 8. c4 a6 9. Bxd7+ Bxd7 10. Ne3 b5 11. cxb5 axb5 12. Nc3 Be6 13. Ncd5 Bxd5 14.
Nxd5 Nxd5 15. Qxd5 Rb8 16. Be3 Qb7 17. Qxb7 Rxb7 18.
Rc1 Kd7 19. Kd2 b4 20. Kc2 Be7 21. Kb3 g6 22. Rc4 Rhb8 23. Rhc1 f5 24. Bd2 fxe4 25. fxe4 Rf8 26. Rxb4 Rxb4+ 27. Bxb4 Rf4 28. a4 Rxe4 29. a5 Rf4 30. a6 Rf8 31. Ba5 Ra8 32. Rc7+ Ke6 33.
Rc6 Kd5 34. Rb6 e4 35. Ka4 e3 36. b4 Bd8 37. Rb5+ Kc4 38. Bxd8 Rxd8 39. Rb7 Re8 40. a7 e2 41. Rb8 e1=Q 42. Ka5 Qa1+ 43. Kb6 Qd4+ 44.
Kb7 Qd5+ 45. Ka6 Qc6+ 46. Rb6 Qa4+ 47. Kb7 Re7+ 0-1

[Event "*** SCC Grand Prix: Titled Tuesday Blitz"]
[Site "Chess.com"]
[Date "2020.07.21"]
[Round "2"]
[White "Sanan_Sjugirov"]
[Black "Th3_Hound"]
[Result "1-0"]
[WhiteElo "2992"]
[BlackElo "2593"]
[TimeControl "180+1"]
[EndTime "10:18:21 PDT"]
[Termination "Sanan_Sjugirov won by resignation"]

1. d4 Nf6 2. c4 g6 3. f3 Nc6 4. d5 Ne5 5. e4 d6 6. Nc3 Bg7 7. f4 Ned7 8. Nh3 O-O 9. Be3 e6 10. dxe6 fxe6 11. Be2 Qe7 12. Qc2 b6 13. O-O-O Bb7 14.
g4 d5 15. cxd5 Nc5 16. g5 Nfxe4 17. Nxe4 exd5 18. Bxc5 bxc5 19. Ng3 c4 20. f5 Qe3+ 21. Kb1 gxf5 22. Rhf1 Rae8 23. Nf4 Qe5 24. Ngh5 Bh8 25. Rg1 Kf7 26. Bxc4 dxc4 27. Qxc4+ Ke7 28. Qb4+ Kf7 29. Qb3+ Ke7 30. Qb4+ Kf7 31. Qb3+ Ke7 32. Qa3+ c5 33. Rge1 Be4+ 34. Ka1 Ra8 35. Nd5+ Kf7 36. Nhf6 Rfb8 37. Rd2 Bxf6 38. Nxf6 Rd8 39. Red1 Rxd2 40. Rxd2 Qe7 41. Qc3 Rd8 42. Rxd8 Qxd8 43. Qc4+ Kg6 44. Qc1 Qd3 45. Ne8 Qc2 46. Qxc2 Bxc2 47. Nd6 Kxg5 48. b3 f4 49. Kb2 f3 50. Kxc2 Kf4 51. Kd3 f2 52. Ke2 f1=Q+ 53. Kxf1 Ke3 54. Nb5 1-0